 Dungeon Crawl Stone Soup version 0.27.1-33-g824d729ab1 (webtiles) character file.

Game seed: 8972543496312704235

91 vvl the Insei (level 4, 0/29 HPs)
             Began as an Octopode Transmuter on Dec 29, 2021.
             Slain by Grinder (3 damage)
             ... while paralysed by Grinder
             ... on level 3 of the Dungeon.
             The game lasted 00:06:30 (3753 turns).

vvl the Insei (Octopode Transmuter)                 Turns: 3753, Time: 00:06:31

Health: 0/29       AC:  1    Str: 10    XL:     4   Next: 59%
Magic:  6/7        EV:  2    Int: 15    God:
Gold:   151        SH:  0    Dex: 12    Spells: 6/7 levels left

rFire    . . .     SeeInvis +   k - +1 dagger (venom)
rCold    . . .     Faith    .   (no shield)
rNeg     + . .     Spirit   .   (helmet currently unavailable)
rPois    .         Reflect  .   (no amulet)
rElec    .         Harm     .   e - ring of see invisible
rCorr    .         Rampage  .   l - ring of wizardry
Will     .....                  o - ring of positive energy
Stlth    ++........             (no ring)
HPRegen  0.09/turn              (no ring)
MPRegen  0.10/turn              (no ring)
                                (no ring)
                                (no ring)

@: paralysed, appendages, studying Earth Magic
A: tentacle spike 3, almost no armour, amphibious, 8 rings, camouflage 1,
gelatinous body 1, (nimble swimmer 1), tentacles
a: End Transformation


You were on level 3 of the Dungeon.
One of your tentacles had grown a beastly spike.
You visited 1 branch of the dungeon, and saw 3 of its levels.

You collected 151 gold pieces.

Inventory:

Hand Weapons
 k - a +1 dagger of venom (weapon)
Jewellery
 e - a ring of see invisible (left tentacle)
 l - a ring of wizardry (right tentacle)
 o - a ring of positive energy (on tentacle)
Scrolls
 a - 2 scrolls of amnesia {unknown}
 b - a scroll of enchant weapon {unknown}
 d - a scroll of enchant armour {unknown}
 f - a scroll of identify {unknown}
 h - 2 scrolls of vulnerability {unknown}
 j - a scroll of magic mapping {unknown}
 m - a scroll of fear {unknown}
 n - a scroll of noise {unknown}
 p - 2 scrolls of immolation {unknown}
Potions
 c - 2 potions of might {unknown}
 g - 2 potions of degeneration {unknown}
 i - a potion of magic {unknown}


   Skills:
 + Level 1.8 Fighting
 + Level 2.4 Dodging
 + Level 3.4 Unarmed Combat
 + Level 2.3 Spellcasting
 + Level 2.5 Transmutations
 + Level 0.8 Ice Magic
 + Level 1.2 Earth Magic
 + Level 1.4 Poison Magic


You had 6 spell levels left.
You knew the following spells:

 Your Spells              Type           Power      Damage    Failure   Level
a - Beastly Appendage     Tmut           18%        N/A       3%          1

Your spell library contained the following spells:

 Spells                   Type           Power      Damage    Failure   Level
 Wereblood                Tmut           9%         N/A       4%          2
 Spider Form              Tmut/Pois      3%         N/A       12%         3
 Ice Form                 Ice/Tmut       6%         N/A       38%         4


Dungeon Overview and Level Annotations

Branches:
Dungeon (3/15)

Altars:

Annotations:
D:3 Grinder


Innate Abilities, Weirdness & Mutations

One of your tentacles has grown a beastly spike.
You cannot wear most types of armour.
You are amphibious.
You can wear up to eight rings at the same time.
Your skin changes colour to match your surroundings (Stealth+).
Your rubbery body absorbs attacks. (AC +1, EV +1)
((You are camouflaged near water. (Stealth+)))
You have tentacles for arms and can constrict up to eight enemies at once.


Message History

Grinder gestures at you.
You shrug off the repeated paralysis!
You can move again.
Grinder blinks!
The hobgoblin hits you but does no damage.
The hobgoblin misses you.
A goblin comes into view. It is wielding a +0 club.
You closely miss Grinder.
The goblin shouts!
Your grab misses Grinder. Grinder misses you.
Casting: Beastly Appendage (safe; 3% risk of failure)
Confirm with . or Enter, or press ? or * to list all spells.
One of your tentacles grows a vicious spike.
Grinder closely misses you.
You hit Grinder. Your grab misses Grinder.
Your tentacle spike misses Grinder.
Grinder is lightly wounded.
A goblin comes into view. It is wielding a +0 club.
Grinder gestures at you. You resist with significant effort.
You hit Grinder. Your grab misses Grinder.
You pierce Grinder.
Grinder is lightly wounded.
Grinder hits you!
You closely miss Grinder. You grab Grinder.
Grinder is lightly wounded.
You constrict Grinder, but do no damage.
Grinder says, "Tell me all your secrets, or I'll kill you."
Grinder gestures at you.
You suddenly lose the ability to move!
You lose your grip on Grinder.
The goblin hits you with a +0 club.
A hobgoblin comes into view.
A goblin comes into view. It is wielding a +0 dagger.
Grinder hits you but does no damage. The goblin hits you with a +0 club.
Grinder completely misses you. The goblin hits you with a +0 club.
Grinder hits you. The goblin hits you with a +0 club.
* * * LOW HITPOINT WARNING * * *
Grinder gestures at you.
You shrug off the repeated paralysis!
The goblin hits you with a +0 club.
* * * LOW HITPOINT WARNING * * *
Grinder hits you.
You die...

###...#
##.##.## #
####...#.#
+
+........#
#
####...#.#
##.##.####
##gg....#
#5#ยง##.#
#@#.#
#g#g#
#g#.# ##
#.#g# ..
#.#.# ##
#.... ...
###


You could see Grinder, 2 hobgoblins and 2 goblins.

Vanquished Creatures
  A gnoll (D:2)
  3 adders (D:2)
  A dart slug (D:1)
  7 bats
  An endoplasm (D:2)
  4 giant cockroaches
  6 goblins
  3 hobgoblins
  4 jackals (D:1)
  A quokka (D:2)
  8 ball pythons
  4 frilled lizards
  3 kobolds
  4 rats
50 creatures vanquished.

Notes
Turn   | Place    | Note
-------+----------+-------------------------------------------
     0 | D:1      | vvl the Octopode Transmuter began the quest for the Orb.
     0 | D:1      | Reached XP level 1. HP: 13/13 MP: 3/3
   578 | D:1      | Reached XP level 2. HP: 16/18 MP: 3/5
  1027 | D:1      | Found a faded altar of an unknown god.
  1448 | D:2      | Reached XP level 3. HP: 18/23 MP: 4/6
  1529 | D:2      | Reached skill level 1 in Poison Magic
  2296 | D:2      | Reached XP level 4. HP: 10/29 MP: 7/7
  2883 | D:2      | Reached skill level 1 in Earth Magic
  3735 | D:3      | Noticed Grinder
  3735 | D:3      | Paralysed by Grinder for 6 turns
  3748 | D:3      | Paralysed by Grinder for 6 turns
  3753 | D:3      | Slain by Grinder

Illustrated notes

Levels and vault maps discovered:
D:1:      scummos_arrival_simple_crosswalls, layout_basic,
          shapermc_ecumenical_altar_starsandcircs
D:2:      layout_rooms
D:3:      layout_loops_corners, uniq_robin, uniq_grinder

Skill      XL: |  1  2  3  4 |
---------------+-------------+-----
Poison Magic   | 1 |  1.4
Earth Magic    | 1 |  1.2
Fighting       | |  1.8
Dodging        | |  2.4
Unarmed Combat | |  3.4
Spellcasting   | |  2.3
Transmutations | |  2.5
Ice Magic      | |  0.8

Action                   |  1- 3 |  4- 6 || total
-------------------------+-------+-------++-------
Melee: Unarmed           |    52 |       ||    52
       Constrict         |    25 |    12 ||    37
       Kick              |    19 |     5 ||    24
       Tentacles         |     5 |     3 ||     8
       Dagger            |    16 |    33 ||    49
       Punch             |     1 |     1 ||     2
 Cast: Beastly Appendage |    22 |    10 ||    32
 Stab: Sleeping          |     4 |     3 ||     7
Armor: Skin              |     9 |     4 ||    13
Dodge: Dodged            |    41 |    23 ||    64
